 Dungeon Crawl Stone Soup version 0.17-a0-1037-gbf358b4 (webtiles) character file.

135 oplop the Digger (level 4, -1/39 HPs)
             Began as a Deep Dwarf Earth Elementalist on May 14, 2015.
             Killed from afar by Natasha (11 damage)
             ... with a wand of flame
             ... on level 3 of the Dungeon.
             The game lasted 00:07:21 (1744 turns).

oplop the Digger (Deep Dwarf Earth Elementalist)    Turns: 1744, Time: 00:07:22

Health: -1/39      AC:  3    Str: 10 (12) XL:     4   Next: 96%
Magic:  1/7        EV: 12    Int: 16      God:
Gold:   134        SH:  0    Dex: 13      Spells: 3 memorised, 2 levels left

rFire  . . .     SeeInvis .     (no weapon)
rCold  . . .     Clarity  .     b - +0 robe
rNeg   . . .     SustAb   .     (no shield)
rPois  .         Gourm    .     (no helmet)
rElec  .         Spirit   .     r - +0 cloak
rCorr  .         Warding  .     (no gloves)
rMut   .         Stasis   .     (no boots)
MR     .....                    (no amulet)
Stlth  ++........               (no ring)
                                (no ring)

@: flying, very slightly contaminated, non-regenerating, invisible, not
resistant to hostile enchantments, unstealthy
A: damage resistance, recharge devices, sense surroundings 1, slow healing 3
a: Device Recharging


You were on level 3 of the Dungeon.
You were not hungry.

You visited 1 branch of the dungeon, and saw 3 of its levels.

You collected 134 gold pieces.

Inventory:

Hand weapons
 g - a +0 whip
Missiles
 a - 16 stones (quivered)
Armour
 b - a +0 robe (worn)
 r - a +0 cloak (worn)
Magical devices
 d - a wand of heal wounds (2)
 o - a wand of paralysis (15)
Scrolls
 f - a scroll of teleportation {unknown}
 h - 6 scrolls of identify {unknown}
 i - a scroll of enchant armour {unknown}
 j - a scroll of amnesia {unknown}
 l - 2 scrolls of fog {unknown}
 n - a scroll of recharging {unknown}
 s - a scroll of immolation {unknown}
Potions
 m - a potion of curing
 t - a potion of magic {unknown}
 v - 2 potions of heal wounds {unknown}
 w - a potion of brilliance {unknown}
Books
 c - a book of Geomancy

   Spells                             Type                      Level
   a - Sandblast                      Earth                        1
   b - Stoneskin                      Transmutation/Earth          2
   c - Passwall                       Transmutation/Earth          3
   d - Stone Arrow                    Conjuration/Earth            3
   e - Petrify                        Transmutation/Earth          4
   f - Lee's Rapid Deconstruction     Earth                        5
Comestibles
 e - a bread ration
 u - a meat ration


   Skills:
 + Level 2.0 Fighting
 + Level 2.3 Dodging
 - Level 2.5 Stealth
 * Level 2.6 Spellcasting
 - Level 0.8 Transmutations
 * Level 5.7 Earth Magic


You had 2 spell levels left.
You knew the following spells:

 Your Spells              Type           Power        Failure   Level  Hunger
a - Sandblast             Erth           ###...       1%          1    #......
b - Stoneskin             Trmt/Erth      ##......     10%         2    ##.....
c - Stone Arrow           Conj/Erth      ##....       17%         3    ###....


Dungeon Overview and Level Annotations

Branches:
Dungeon (3/15)

Altars:

Annotations:
D:3 Natasha; tesudzi's ghost, average MiMo


Innate Abilities, Weirdness & Mutations

You are resistant to damage.
You can recharge devices by infusing magical energy.
You passively map a small area around you.
You do not heal naturally.


Message History

It was a potion of invisibility.
You fade into invisibility!
The crimson imp barely misses you.
You are very lightly contaminated with residual magic.
Drink which item? (? for menu, Esc to quit)
It was a potion of degeneration.
There was something very wrong with that liquid.
You feel weakened.
The crimson imp hits you but does no damage.
Drink which item? (? for menu, Esc to quit)
Okay, then.
The crimson imp blinks!
Natasha zaps a wand.
The puff of flame hits you!
* * * LOW HITPOINT WARNING * * *
Casting: Sandblast
Confirm with . or Enter, or press ? or * to list all spells.
You can't see any susceptible monsters within range! (Use Z to cast anyway.) Unknown command.
Natasha zaps a wand.
The puff of flame hits you!
You die...

### #######.# #
........# ####.#
.######.# #55.h#
......#.# #h##5#
.#..#.#.# #.#*,#
.#..#.#.# #@#
+#..#.#.# #.#*
....#.#.########.#*
....#............#
....#.############
....#.#.. ,,
....#.#.# ** *
+#..#.#.# .#..#.#.#


You could see Natasha, a crimson imp (wandering) and a white imp.

Vanquished Creatures
  Crazy Yiuf (D:2)
  Jessica (D:2)
  3 adders
  2 worms (D:2)
  An orc (D:3)
  A ball python (D:3)
  A bat zombie (D:3)
  3 giant cockroaches
  6 goblins
  6 hobgoblins
  6 kobolds
  A quokka (D:2)
  6 bats
  A giant newt (D:3)
  4 jackals (D:2)
  4 rats
47 creatures vanquished.

Notes
Turn   | Place    | Note
--------------------------------------------------------------
     0 | D:1      | oplop the Deep Dwarf Earth Elementalist began the quest for the Orb.
     0 | D:1      | Reached XP level 1. HP: 15/15 MP: 3/3
   243 | D:1      | Reached XP level 2. HP: 7/22 MP: 0/4
   644 | D:1      | Reached skill level 1 in Fighting
   775 | D:2      | Noticed Jessica
   783 | D:2      | Killed Jessica
   783 | D:2      | Reached skill level 5 in Earth Magic
   783 | D:2      | Reached XP level 3. HP: 4/31 MP: 3/6
   878 | D:2      | Reached XP level 4. HP: 30/38 MP: 2/7
   971 | D:2      | Learned a level 2 spell: Stoneskin
   975 | D:2      | Learned a level 3 spell: Stone Arrow
  1156 | D:2      | Noticed Crazy Yiuf
  1168 | D:2      | Killed Crazy Yiuf
  1344 | D:3      | Noticed tesudzi's ghost (average MiMo)
  1730 | D:3      | Noticed Natasha
  1744 | D:3      | Killed from afar by Natasha

Vault maps used:
D:1:      dpeg_arrival_arbitrary_c
D:2:      st_stairs_9, minmay_misc_feat_tiny, serial_bayou_crossing,
          uniq_jessica, uniq_crazy_yiuf_cottage
D:3:      kennysheep_generic_room_10, uniq_natasha

Action                   |  1- 3 |  4- 6 || total
-------------------------+-------+-------++-------
Melee: Unarmed           |    11 |     7 ||    18
       Whip              |    50 |    23 ||    73
 Cast: Sandblast         |    58 |    40 ||    98
       Stone Arrow       |       |     2 ||     2
Evoke: Wand              |     2 |     1 ||     3
  Use: Potion            |       |     4 ||     4
  Eat: Chunk             |     1 |     3 ||     4
